 Dungeon Crawl Stone Soup version 0.23-a0-448-g1c01f63 (webtiles) character file.

54595 Lavandula the Transmogrifier (level 14, -18/129 HPs)
             Began as a Naga Air Elementalist on Nov 20, 2018.
             Was a High Priest of Ru.
             Demolished by a titanic slime creature (73 damage)
             ... on level 3 of the Swamp.
             The game lasted 01:18:05 (8642 turns).

Lavandula the Transmogrifier (NaAE)                 Turns: 8642, Time: 01:18:06

Health: -18/129    AC: 11    Str: 12    XL:     14   Next: 73%
Magic:  24/28      EV:  9    Int: 27    God:    Ru [*****.]
Gold:   56         SH: 10    Dex: 17    Spells: 1/34 levels left

rFire    + . .     SeeInvis +   H - +1 broad axe (flame)
rCold    . . .     Gourm    .   Q - +2 shield of Resistance {rF+ rC+ MR+}
rNeg     . . .     Faith    .   M - +0 troll leather armour
rPois    +         Spirit   .   p - +0 helmet of the Bells {-Tele Int+4}
rElec    .         Reflect  .   i - +2 cloak
rCorr    .         Harm     .   B - +0 pair of gloves
MR       +++..     NoTele   +   (no barding)
Stlth    ++........             N - amulet "Ediamp" {rF+ Regen+ Int+3 Stlth+}
HPRegen  1.11/turn              j - +2 ring of evasion
MPRegen  0.21/turn              C - ring of Ykullew {MR+ Int+2 Dex+4}

@: lethally poisoned (-18 -> -19), exhausted, no potions, very heavily drained,
very slow
A: large, stinger 2, see invisible, deformed body, poison resistance, slowness
2, slow metabolism 1, spit poison 1, inability to drink while threatened,
inability to use devices, MP-powered wands, constrict 1, temperature sensitive,
AC +4
a: Spit Poison, Draw Out Power, Power Leap, Apocalypse, Renounce Religion


You were on level 3 of the Swamp.
You worshipped Ru.
Ru was extremely pleased with you.
You were not hungry.

You visited 4 branches of the dungeon, and saw 22 of its levels.

You collected 1985 gold pieces.
You spent 1929 gold pieces at shops.

Inventory:

Hand Weapons
 b - a +0 spear
 d - a +0 antimagic spear
 e - a +0 hand axe
 k - a +0 war axe
 q - a +0 war axe
 r - a +4 war axe of electrocution
 u - the +2 hand axe of the Poles {elec, rPois rN+ Str-5}
   (You found it on level 7 of the Dungeon)

   Occasionally, upon striking a foe, it will discharge some electrical energy
   and cause terrible harm.
   It affects your strength (-5).
   It protects you from poison.
   It protects you from negative energy.
 D - a +1 trident
 H - a +1 broad axe of flaming (weapon)
Missiles
 l - 2 throwing nets (quivered)
Armour
 i - a +2 cloak (worn)
 p - the +0 helmet of the Bells (worn) {-Tele Int+4}
   (You found it on level 5 of the Dungeon)

   It affects your intelligence (+4).
   It prevents most forms of teleportation.
 B - a +0 pair of gloves (worn)
 J - a +1 leather armour of fire resistance
 K - +0 fire dragon scales
 M - a +0 troll leather armour (worn)
 Q - the +2 shield of Resistance (worn) {rF+ rC+ MR+}
   (You found it on level 9 of the Dungeon)

   It protects you from fire.
   It protects you from cold.
   It affects your resistance to hostile enchantments.
 S - a +0 scale mail of magic resistance
Jewellery
 j - a +2 ring of evasion (left hand)
 C - the ring of Ykullew (right hand) {MR+ Int+2 Dex+4}
   (You found it on level 9 of the Dungeon)

   [ring of dexterity]

   It affects your intelligence (+2).
   It affects your dexterity (+4).
   It affects your resistance to hostile enchantments.
 N - the amulet "Ediamp" (around neck) {rF+ Regen+ Int+3 Stlth+}
   (You bought it in a shop on level 2 of the Orcish Mines)

   [amulet of regeneration]

   It affects your intelligence (+3).
   It protects you from fire.
   It increases your rate of regeneration.
   It makes you more stealthy.
 O - the ring of Kiamm {rF+ Str+4}
   (You found it on level 1 of the Lair of Beasts)

   [ring of protection from fire]

   It affects your strength (+4).
   It protects you from fire.
Wands
 y - a wand of acid (4)
Scrolls
 a - a scroll of summoning {unknown}
 g - 10 scrolls of remove curse
 h - 3 scrolls of fog
 o - 5 scrolls of teleportation
 v - 2 scrolls of random uselessness {unknown}
 w - 3 scrolls of amnesia {unknown}
 x - 2 scrolls of enchant weapon {unknown}
 G - a scroll of holy word
 L - 2 scrolls of enchant armour {unknown}
 U - a scroll of noise {unknown}
 W - a scroll of immolation {unknown}
 X - a scroll of silence {unknown}
Potions
 f - 3 potions of heal wounds
 m - 2 potions of mutation
 n - 2 potions of ambrosia
 s - 2 potions of flight
 t - a potion of lignification
 z - 2 potions of cancellation
 A - a potion of invisibility {unknown}
 E - a potion of magic {unknown}
 F - a potion of agility {unknown}
 I - a potion of resistance
 P - a potion of berserk rage
 R - 3 potions of haste
 T - a potion of brilliance
 V - a potion of curing
Comestibles
 c - 32 rations


   Skills:
 - Level 9.5(5.3) Fighting
 - Level 10.1(5.9) Axes
 - Level 0.2(2.5) Polearms
 - Level 1.7(0.0) Armour
 - Level 4.9(1.2) Dodging
 - Level 3.0(0.0) Stealth
 + Level 5.2(1.5) Shields
 - Level 6.0(2.2) Unarmed Combat
 - Level 10.8(6.5) Spellcasting
 - Level 3.3(0.0) Conjurations
 - Level 3.4(0.0) Summonings
 - Level 3.3(0.0) Translocations
 - Level 11.5(7.1) Transmutations
 - Level 7.5(3.6) Air Magic
 - Level 2.1(0.0) Earth Magic


You had one spell level left.
You knew the following spells:

 Your Spells              Type           Power        Failure   Level  Hunger
a - Shock                 Conj/Air       ###.         19%         1    None
b - Static Discharge      Conj/Air       ###.....     50%         3    None
c - Airstrike             Air            ####......   67%         4    ###....
d - Blink                 Tloc           N/A          52%         2    None
e - Mephitic Cloud        Conj/Pois/Air  ###.....     58%         3    None
f - Call Imp              Summ           #.......     52%         2    None
g - Alistair's Intoxicat  Tmut/Pois      ####....     95%         5    #####..
h - Swiftness             Chrm/Air       ###.....     28%         2    None
i - Irradiate             Conj/Tmut      ####......   95%         5    #####..
j - Statue Form           Tmut/Erth      ####.....    100%        6    ######.

Your spell library contained the following spells:

 Spells                   Type           Power        Failure   Level  Hunger
 Beastly Appendage        Tmut           #####.       2%          1    None
 Magic Dart               Conj           #...         38%         1    None
 Sting                    Conj/Pois      #...         38%         1    None
 Sticks to Snakes         Tmut           #####...     3%          2    None
 Spider Form              Tmut/Pois      ####......   28%         3    None
 Ignite Poison            Fire/Tmut/Pois ###.....     41%         3    None
 Slow                     Hex            #.......     52%         2    None
 Blade Hands              Tmut           #####.....   52%         5    #####..
 Ice Form                 Ice/Tmut       ####....     67%         4    ###....
 Conjure Flame            Conj/Fire      #.......     77%         3    None
 Hydra Form               Tmut           #####.....   97%         6    ######.
 Lightning Bolt           Conj/Air       ###.......   99%         5    #####..
 Dragon Form              Tmut           #####.....   100%        7    #######


Dungeon Overview and Level Annotations

Branches:
Dungeon (12/15)            Temple (0/1) D:7            Lair (5/6) D:9
  Swamp (3/4) Lair:2          Orc (2/2) D:11            Elf (0/3) Orc:2
  Snake: Lair:2-4    Spider: Lair:2-4     Slime: Lair:5-6

Altars:
Ashenzari
Dithmenos
Fedhas
Okawaru
Qazlal
Ru
Uskayaw
Xom
Beogh

Shops:
D:6 (   D:8 (   D:9 *%   Orc:2 (==!

Annotations:
D:9 1 runed door
Lair:3 spider


Innate Abilities, Weirdness & Mutations

You cannot wear boots.
Your serpentine skin is tough. (AC +4)
You have supernaturally acute eyesight. (SInv)
Armour fits poorly on your strangely shaped body.
Your system is resistant to poisons. (rPois)
You cover ground very slowly.
You have a slow metabolism.
You can spit poison.
You cannot drink potions while threatened.
You cannot study or use magical devices.
You can use your snake-like lower body to constrict enemies.
You are sensitive to extremes of temperature. (rF-, rC-)
Your tail ends in a sharp poisonous barb.
You expend magic power (3 MP) to strengthen your wands.


Message History

You tail-slap the titanic slime creature, but do no damage.
The titanic slime creature is lightly wounded.
You feel sick.
The helpless titanic slime creature fails to defend itself.
You slash the titanic slime creature! You burn the titanic slime creature.
You tail-slap the titanic slime creature.
The titanic slime creature is moderately wounded.
You feel sick.
You feel sick.
You enter the shallow water.
Moving in this stuff is going to be slow.
You feel sick.
You feel sick.
The titanic slime creature is no longer paralysed.
You see here a swamp drake corpse.
You can drink potions again.
You feel sick. The titanic slime creature hits you!!!!
You feel threatened and lose the ability to drink potions!
Ouch! That really hurt!
You die...

...≈≈≈. .♣♣♣♣
....≈≈. ≈≈..♣♣
≈.≈≈≈≈. .≈≈..♣
≈...≈≈J♣♣♣≈..≈♣
♣†≈§≈≈♣
♣♣♣♣♣.≈..≈♣
♣≈..♣♣w≈!.♣
♣.≈≈.♣J†.≈♣
♣..♣@.≈♣♣
♣≈<≈≈.≈♣
♣≈.≈≈.≈..♣
♣♣♣..§♣...♣
.≈≈♣♣≈.!♣ ..≈≈§
.≈♣♣ ♣.≈≈≈≈≈ ♣♣
♣♣.≈≈...
♣.≈...≈≈


You could see a titanic slime creature, a slime creature and a swamp worm.

Vanquished Creatures
  2 fire dragons (D:9)
  5 ogre magi (Orc:2)
  Harold (D:11)
  2 ice dragons (D:9)
  4 hydras
  2 alligators
  A shambling mangrove (Swamp:2)
  21 two-headed ogres
  A dancing weapon (Lair:1)
  2 spriggans (Swamp:2)
  An unseen horror (D:11)
  3 orc knights
  A swamp dragon (Swamp:1)
  An orc sorcerer (Orc:1)
  An ugly thing (D:11)
  2 cyclopes
  Maurice (Orc:1)
  3 black mambas
  6 spiny frogs
  2 komodo dragons (Lair:2)
  5 hornets (Swamp:2)
  5 trolls
  A tyrant leech (Lair:2)
  2 bog bodies
  3 blink frogs (Lair:3)
  5 hippogriffs
  A slime creature (Swamp:3)
  A shadow (Swamp:1)
  2 wyverns
  20 yaks
  2 basilisks
  3 hungry ghosts
  3 vampire mosquitoes (Swamp:3)
  3 wargs (Orc:1)
  9 swamp worms
  2 water moccasins
  17 orc warriors
  7 porcupines
  5 swamp drakes
  4 ice beasts
  A sky beast (D:10)
  A necrophage (D:11)
  2 phantoms
  34 ogres
  6 wolves (Lair:2)
  4 centaurs
  6 crocodiles
  3 big kobolds
  A wyvern zombie (D:11)
  10 bullfrogs
  A wyvern skeleton (D:8)
  4 scorpions
  2 vampire bats (Lair:4)
  The ghost of Lavandula the Gusty, a weakling NaAE (D:3)
  3 howler monkeys (D:11)
  9 wights
  3 electric eels
  A bullfrog zombie (D:7)
  4 crimson imps
  4 hounds
  16 orc priests
  21 orc wizards
  A bullfrog skeleton (D:9)
  2 centaur skeletons
  Natasha (thrice) (D:5)
  5 iguanas
  5 worker ants
  3 hound skeletons
  11 adders
  2 river rats (D:3)
  A shadow imp (D:6)
  An adder skeleton (D:8)
  3 worms
  6 leopard geckos
  77 orcs
  2 giant cockroaches
  4 goblins
  4 hobgoblins
  10 jackals
  A quokka (D:3)
  A ball python (D:3)
  8 bats
  A frilled lizard (D:2)
  A jackal skeleton (D:5)
  15 kobolds
  5 rats
  A fungus (D:9)
  5 plants
477 creatures vanquished.

Vanquished Creatures (collateral kills)
  A wraith (D:12)
  An electric eel (D:9)
  2 orcs
4 creatures vanquished.

Vanquished Creatures (others)
  The ghost of MisterFreud the Nimble, a journeyman TrHu of Ru (Lair:1)
  An alligator (Swamp:1)
  A tyrant leech (Swamp:2)
  A swamp worm (Swamp:2)
  A water moccasin (Lair:1)
  A porcupine (D:9)
  3 ogres (Orc:2)
  An orc wizard (D:8)
  An orc (D:8)
  19 plants
30 creatures vanquished.

Grand Total: 511 creatures vanquished

Notes
Turn   | Place    | Note
-------+----------+-------------------------------------------
     0 | D:1      | Lavandula the Naga Air Elementalist began the quest for the
                  | Orb.
     0 | D:1      | Reached XP level 1. HP: 15/15 MP: 3/3
    86 | D:1      | Reached XP level 2. HP: 3/22 MP: 0/5
   284 | D:2      | Found a shadowy altar of Dithmenos.
   397 | D:2      | Reached XP level 3. HP: 27/28 MP: 4/7
   410 | D:3      | Learned a level 3 spell: Static Discharge
   499 | D:3      | Reached XP level 4. HP: 36/36 MP: 0/8
   589 | D:3      | Found a runed door.
   589 | D:3      | Noticed Lavandula's ghost (weakling NaAE)
   619 | D:3      | Killed Lavandula's ghost
   619 | D:3      | Reached XP level 5. HP: 6/42 MP: 1/9
   671 | D:3      | Reached skill level 5 in Air Magic
   785 | D:3      | Found a runed door.
   806 | D:3      | Gained mutation: You expend magic power (3 MP) to
                  | strengthen your wands. [potion of mutation]
   806 | D:3      | Gained mutation: Your tail ends in a poisonous barb.
                  | [potion of mutation]
   806 | D:3      | Gained mutation: Your tail ends in a sharp poisonous barb.
                  | [potion of mutation]
   887 | D:3      | Reached XP level 6. HP: 23/49 MP: 5/10
   893 | D:3      | Learned a level 4 spell: Airstrike
  1203 | D:5      | Entered Level 5 of the Dungeon
  1223 | D:4      | Noticed Natasha
  1229 | D:5      | Killed Natasha
  1257 | D:5      | Reached XP level 7. HP: 46/55 MP: 0/11
  1371 | D:5      | Got a jewelled helmet
  1395 | D:5      | Identified the +0 helmet of the Bells {-Tele Int+4} (You
                  | found it on level 5 of the Dungeon)
  1398 | D:5      | Noticed Natasha
  1403 | D:5      | Killed Natasha
  1441 | D:6      | Found a shattered altar of Ashenzari.
  1477 | D:6      | Learned a level 2 spell: Blink
  1524 | D:6      | Reached XP level 8. HP: 46/67 MP: 8/14
  1529 | D:6      | Learned a level 3 spell: Mephitic Cloud
  1532 | D:6      | Learned a level 2 spell: Call Imp
  1562 | D:6      | Found Keopaont's Weapon Emporium.
  1618 | D:6      | Found a blossoming altar of Fedhas.
  1624 | D:6      | Reached skill level 1 in Summonings
  1760 | D:6      | Found a sacrificial altar of Ru.
  1763 | D:6      | Became a worshipper of Ru the Awakened
  1992 | D:5      | Noticed Natasha
  1999 | D:5      | Killed Natasha
  2092 | D:5      | Reached skill level 1 in Translocations
  2176 | D:6      | Found a stormy altar of Qazlal.
  2251 | D:7      | Reached skill level 1 in Axes
  2259 | D:7      | Reached XP level 9. HP: 73/73 MP: 8/15
  2317 | D:7      | Found a staircase to the Ecumenical Temple.
  2376 | D:7      | Found an iron altar of Okawaru.
  2381 | D:7      | Found a hide-covered altar of Uskayaw.
  2408 | D:7      | Got a jewelled hand axe
  2409 | D:7      | Identified the +2 hand axe of the Poles {elec, rPois rN+
                  | Str-5} (You found it on level 7 of the Dungeon)
  2502 | D:8      | Reached skill level 5 in Axes
  2579 | D:7      | Gained mutation: You cannot drink potions while threatened.
                  | [Ru sacrifice]
  2579 | D:7      | Reached * piety under Ru
  2651 | D:6      | Bought a +4 war axe of electrocution for 337 gold pieces
  2873 | D:8      | Found Vissufid's Antique Weapon Boutique.
  3073 | D:8      | Reached XP level 10. HP: 80/80 MP: 2/16
  3158 | D:9      | Noticed a two-headed ogre
  3226 | D:9      | Noticed a fire dragon
  3227 | D:9      | Noticed an ice dragon
  3228 | D:9      | Found the +2 shield of Resistance {rF+ rC+ MR+}
  3229 | D:9      | Found a runed door.
  3229 | D:9      | Noticed an ice dragon
  3229 | D:9      | Noticed a fire dragon
  3232 | D:9      | Found a runed door.
  3237 | D:10     | Entered Level 10 of the Dungeon
  3246 | D:10     | Identified the Disquisition on Nocuous Flight
  3340 | D:9      | Noticed a two-headed ogre
  3346 | D:9      | Killed a two-headed ogre
  3346 | D:9      | Reached skill level 10 in Axes
  3355 | D:9      | Got a translucent glass ring
  3356 | D:9      | Identified the ring of Ykullew {MR+ Int+2 Dex+4} (You found
                  | it on level 9 of the Dungeon)
  3377 | D:9      | Found Gazoas's Changing Room.
  3488 | D:9      | Killed a two-headed ogre
  3488 | D:9      | Reached skill level 5 in Fighting
  3527 | D:9      | Found Qoony's Food Emporium.
  3544 | D:9      | Noticed a two-headed ogre
  3560 | D:9      | Killed a two-headed ogre
  3571 | D:9      | Reached XP level 11. HP: 58/97 MP: 3/17
  3808 | D:9      | Found a staircase to the Lair.
  4021 | D:10     | Noticed a two-headed ogre
  4036 | D:10     | Killed a two-headed ogre
  4069 | D:11     | Gained mutation: You cannot study or use magical devices.
                  | [Ru sacrifice]
  4069 | D:11     | Reached ** piety under Ru
  4069 | D:11     | Reached *** piety under Ru
  4124 | D:11     | Noticed a purple ugly thing
  4138 | D:11     | Killed a purple ugly thing
  4170 | D:11     | Noticed an unseen horror
  4184 | D:11     | Killed an unseen horror
  4218 | D:11     | Noticed a cyclops
  4244 | D:11     | Killed a cyclops
  4289 | D:11     | Reached skill level 5 in Spellcasting
  4292 | D:11     | Found a shattered altar of Ashenzari.
  4349 | D:12     | Noticed a cyan ugly thing
  4357 | D:12     | Noticed a purple ugly thing
  4357 | D:12     | Noticed a skeletal warrior
  4357 | D:12     | Noticed a skeletal warrior
  4514 | D:11     | Found a staircase to the Orcish Mines.
  4536 | Orc:1    | Entered Level 1 of the Orcish Mines
  4536 | Orc:1    | Noticed Harold
  4537 | Orc:1    | Noticed an orc knight
  4558 | D:11     | Killed Harold
  4558 | D:11     | Reached XP level 12. HP: 86/115 MP: 18/22
  4602 | D:11     | Learned a level 5 spell: Alistair's Intoxication
  4657 | Orc:1    | Reached skill level 1 in Armour
  4704 | Orc:2    | Entered Level 2 of the Orcish Mines
  4728 | Orc:2    | Noticed a two-headed ogre
  4728 | Orc:2    | Noticed a two-headed ogre
  4729 | Orc:2    | Noticed an ogre mage
  4743 | Orc:2    | Killed a two-headed ogre
  4743 | Orc:2    | Reached skill level 1 in Transmutations
  4749 | Orc:2    | Reached skill level 2 in Transmutations
  4758 | Orc:2    | Noticed a two-headed ogre
  4774 | Orc:1    | Killed a two-headed ogre
  4774 | Orc:1    | Reached skill level 3 in Transmutations
  4785 | Orc:1    | Learned a level 2 spell: Swiftness
  4839 | Orc:2    | Noticed a two-headed ogre
  4839 | Orc:2    | Noticed a two-headed ogre
  4857 | Orc:1    | Killed a two-headed ogre
  4857 | Orc:1    | Reached skill level 4 in Transmutations
  4941 | Orc:1    | Killed a two-headed ogre
  4941 | Orc:1    | Reached skill level 5 in Transmutations
  4980 | Orc:1    | Killed a two-headed ogre
  5013 | Orc:1    | Reached skill level 6 in Transmutations
  5141 | Orc:2    | Noticed a two-headed ogre
  5173 | Orc:1    | Killed a two-headed ogre
  5173 | Orc:1    | Reached skill level 7 in Transmutations
  5181 | Orc:2    | Noticed a two-headed ogre
  5183 | Orc:2    | Killed an ogre mage
  5184 | Orc:2    | Noticed a two-headed ogre
  5185 | Orc:2    | Noticed a two-headed ogre
  5188 | Orc:2    | Reached skill level 8 in Transmutations
  5201 | Orc:1    | Killed a two-headed ogre
  5226 | Orc:1    | Killed a two-headed ogre
  5229 | Orc:1    | Reached skill level 9 in Transmutations
  5264 | Orc:1    | Killed a two-headed ogre
  5271 | Orc:2    | Noticed an ogre mage
  5280 | Orc:2    | Noticed a two-headed ogre
  5288 | Orc:2    | Gained mutation: You can use your snake-like lower body to
                  | constrict enemies. [Naga growth]
  5288 | Orc:2    | Reached XP level 13. HP: 100/121 MP: 19/23
  5289 | Orc:2    | Noticed an ogre mage
  5305 | Orc:2    | Killed an ogre mage
  5305 | Orc:2    | Reached skill level 10 in Transmutations
  5347 | Orc:2    | Noticed an ogre mage
  5349 | Orc:2    | Noticed an ogre mage
  5351 | Orc:2    | Reached skill level 11 in Transmutations
  5362 | Orc:2    | Killed an ogre mage
  5462 | Orc:1    | Reached skill level 1 in Unarmed Combat
  5491 | Orc:2    | Killed an ogre mage
  5568 | Orc:2    | Found Zigenah's Distillery.
  5568 | Orc:2    | Found Suiriwu's Jewellery Shoppe.
  5569 | Orc:2    | Found Circhak's Jewellery Shoppe.
  5569 | Orc:2    | Found Silloufi's Weapon Shop.
  5684 | Orc:1    | Reached skill level 5 in Unarmed Combat
  5823 | Orc:1    | Noticed Maurice
  5846 | Orc:1    | Killed Maurice
  5901 | Orc:1    | Found a roughly hewn altar of Beogh.
  5981 | Orc:2    | Found a staircase to the Elven Halls.
  6105 | Orc:2    | Bought the amulet "Ediamp" {rF+ Regen+ Int+3 Stlth+} for
                  | 637 gold pieces
  6341 | D:9      | Gained mutation: You are sensitive to extremes of
                  | temperature. (rF-, rC-) [Ru sacrifice]
  6341 | D:9      | Reached **** piety under Ru
  6341 | D:9      | Reached ***** piety under Ru
  6375 | D:9      | Bought a book of Transfigurations for 550 gold pieces
  6415 | Lair:1   | Entered Level 1 of the Lair of Beasts
  6472 | Lair:1   | Found a runed door.
  6472 | Lair:1   | Found a shimmering altar of Xom.
  6472 | Lair:1   | Noticed MisterFreud's ghost (journeyman TrHu)
  6489 | Lair:1   | Killed MisterFreud's ghost
  6494 | Lair:1   | Got a transparent iron ring
  6496 | Lair:1   | Identified the ring of Kiamm {rF+ Str+4} (You found it on
                  | level 1 of the Lair of Beasts)
  6663 | Lair:4   | Learned a level 5 spell: Irradiate
  7193 | Lair:3   | Reached XP level 14. HP: 115/129 MP: 25/27
  7542 | Lair:2   | Reached skill level 10 in Spellcasting
  7841 | Orc:2    | Bought a potion of resistance for 150 gold pieces
  7841 | Orc:2    | Bought a potion of cancellation for 120 gold pieces
  7841 | Orc:2    | Bought a potion of berserk rage for 75 gold pieces
  7841 | Orc:2    | Bought a potion of brilliance for 60 gold pieces
  7944 | D:9      | Learned a level 6 spell: Statue Form
  8104 | Lair:2   | Reached skill level 1 in Earth Magic
  8135 | Lair:2   | Found a staircase to the Swamp.
  8150 | Swamp:1  | Entered Level 1 of the Swamp
  8201 | Swamp:2  | Reached skill level 1 in Shields
  8633 | Swamp:3  | Reached skill level 5 in Shields
  8642 | Swamp:3  | Demolished by a titanic slime creature

Vault maps used:
D:1:      dpeg_arrival_tiny_i
D:2:      old_standard_altar, lemuel_crystal_altar, first_ration
D:3:      nicolae_overflow_hidden_temple, ebering_ghost_sewer_f
D:4:      uniq_natasha, uniq_pikel
D:6:      ashenzari_conservatory_becter, lemuel_round_altar, kennysheep_mini,
          basic_altar, serial_shops, shop
D:7:      okawaru_ov_weapons_minmay, overflow_temple_1_default, temple_statues
D:8:      bloody_trog, ebering_ghost_reflecting_pool, serial_shops, shop,
          columned_hall_lemuel, grunt_pizzeria, nrook_mini_backslash,
          serial_bayou_lake_a
D:9:      minmay_lair_entry_grove, serial_shops, kennysheep_mini_moat,
          nicolae_transmutations_shop, minmay_guarded_unrand_resistance
D:10:     grunt_decor_mini_mirrors, minmay_shattered_shrine
D:11:     erik_orc_1, basic_altar
D:12:     lemuel_upstairs_altar, minmay_misc_feat_x
Lair:1:   ebering_ghost_xom, infiniplex_staircase_pool_2, grunt_megastairs_5
Lair:2:   palyth_hydra_swamp_entry, grunt_megastairs_3,
          infiniplex_staircase_pool, serial_bayou_shore_b
Lair:3:   spider_nest_entry_web_field, chequers_serial_rivers_small_3,
          st_stairs_4
Lair:4:   roderic_batcave, lemuel_fruit_fields
Lair:5:   slime_dummy, basic_altar, st_stairs_12
Swamp:1:  evilmike_swamp_ruin_rubble_1
Swamp:2:  evilmike_swamp_ruin_house_3
Swamp:3:  ebering_ghost_inner_flame, hangedman_swamp_ruin_wall
Orc:1:    david_defended_altar_orc, uniq_harold, uniq_maurice
Orc:2:    st_orc_ogre_mass

Skill      XL: |  1  2  3  4  5  6  7  8  9 10 11 12 13 14 |
---------------+-------------------------------------------+-----
Spellcasting   | 3 4 6 7 9 10 | 10.8
Air Magic      | 4 5 7 |  7.5
Fighting       | 2 6 9 |  9.5
Dodging        | 2 4 |  4.9
Summonings     | 3 |  3.4
Conjurations   | 3 |  3.3
Translocations | 3 |  3.3
Axes           | 2 8 10 | 10.1
Armour         | 1 |  1.7
Transmutations | 9 11 | 11.5
Unarmed Combat | 6 |  6.0
Earth Magic    | 2 |  2.1
Shields        | 5 |  5.2
Polearms       | |  0.2
Stealth        | |  3.0

Action                   |  1- 3 |  4- 6 |  7- 9 | 10-12 | 13-15 || total
-------------------------+-------+-------+-------+-------+-------++-------
Melee: Spear             |    12 |    23 |    82 |       |       ||   117
       Tailslap          |       |       |    17 |    45 |    82 ||   144
       Hand axe          |       |       |    88 |       |       ||    88
       War axe           |       |       |       |   351 |   299 ||   650
       Constrict         |       |       |       |       |    89 ||    89
       Punch             |       |       |       |       |     6 ||     6
       Broad axe         |       |       |       |       |    85 ||    85
 Cast: Shock             |    34 |    61 |   124 |    44 |       ||   263
       Mephitic Cloud    |       |       |     1 |    76 |    27 ||   104
       Call Imp          |       |       |     1 |     5 |     7 ||    13
       Airstrike         |       |       |     2 |     5 |     4 ||    11
       Swiftness         |       |       |       |     6 |       ||     6
       Alistair's Intoxi |       |       |       |       |     2 ||     2
       Irradiate         |       |       |       |       |     3 ||     3
       Statue Form       |       |       |       |       |     1 ||     1
Invok: Sacrifice Drink   |       |       |     1 |       |       ||     1
       Draw Out Power    |       |       |       |     9 |    15 ||    24
       Sacrifice Artific |       |       |       |     1 |       ||     1
       Apocalypse        |       |       |       |       |     8 ||     8
       Sacrifice Resista |       |       |       |       |     1 ||     1
       Reject Sacrifices |       |       |       |       |     1 ||     1
 Abil: Spit Poison       |    16 |    17 |    30 |    28 |     3 ||    94
Evoke: Wand              |       |       |       |     6 |       ||     6
  Use: Potion            |       |     3 |       |       |     3 ||     6
       Scroll            |       |     2 |     5 |     1 |     1 ||     9
 Stab: Sleeping          |       |       |     3 |     1 |     9 ||    13
       Confused          |       |       |       |    43 |    11 ||    54
       Invisible         |       |       |       |     1 |     5 ||     6
       Distracted        |       |       |       |       |     3 ||     3
       Paralysed         |       |       |       |       |    15 ||    15
  Eat: Chunk             |       |     2 |     8 |    12 |     8 ||    30
       Ration            |       |       |       |       |     1 ||     1
Armor: Robe              |     6 |    15 |    65 |    24 |       ||   110
       Leather armour    |       |       |       |     8 |       ||     8
       Troll leather arm |       |       |       |    23 |   109 ||   132
       Skin              |       |       |       |       |     1 ||     1
Dodge: Dodged            |    13 |    18 |   122 |   227 |   226 ||   606
Block: Shield            |       |       |       |       |    17 ||    17

Table legend:
 A = Non-vault XP
 B = Vault XP
 C = Vault XP percentage of total XP
 D = Non-vault monster count
 E = Vault monster count
 F = Vault count percentage of total count
                 A         B        C        D         E       F
            +---------+---------+-------+---------+---------+-------
      Total |   45738 |   32256 |  41.4 |     379 |     106 |  21.9
            +---------+---------+-------+---------+---------+-------
        D:1 |      20 |       0 |   0.0 |      12 |       0 |   0.0
        D:2 |      14 |       0 |   0.0 |       6 |       0 |   0.0
        D:3 |     283 |      83 |  22.7 |      30 |       5 |  14.3
        D:4 |      92 |       0 |   0.0 |       6 |       0 |   0.0
        D:5 |    1216 |      35 |   2.8 |      25 |       1 |   3.8
        D:6 |     285 |       0 |   0.0 |       9 |       0 |   0.0
        D:7 |    1220 |       0 |   0.0 |      21 |       0 |   0.0
        D:8 |    1782 |       0 |   0.0 |      37 |       0 |   0.0
        D:9 |    4105 |    5668 |  58.0 |      28 |      16 |  36.4
       D:10 |    1202 |       0 |   0.0 |       9 |       0 |   0.0
       D:11 |    6081 |    1611 |  20.9 |      45 |      18 |  28.6
       D:12 |     210 |       0 |   0.0 |       1 |       0 |   0.0
     Lair:1 |    1000 |    2508 |  71.5 |       6 |       4 |  40.0
     Lair:2 |    1994 |    3764 |  65.4 |      15 |      10 |  40.0
     Lair:3 |    1094 |     136 |  11.1 |       5 |       1 |  16.7
     Lair:4 |    1775 |     125 |   6.6 |       6 |       8 |  57.1
     Lair:5 |    1542 |       0 |   0.0 |       8 |       0 |   0.0
    Swamp:1 |    3121 |       0 |   0.0 |       8 |       0 |   0.0
    Swamp:2 |    6346 |       0 |   0.0 |      15 |       0 |   0.0
    Swamp:3 |    2850 |       0 |   0.0 |      12 |       0 |   0.0
      Orc:1 |    4793 |    8920 |  65.0 |      45 |      20 |  30.8
      Orc:2 |    4713 |    9406 |  66.6 |      30 |      23 |  43.4
            +---------+---------+-------+---------+---------+-------
